 Dungeon Crawl Stone Soup version 0.29.0-11-gd7f09526c8 (webtiles) character file.

Game seed: 5820724015411921457

100 mortz the Conjurer (level 4, -4/33 HPs)
             Began as a Demigod Conjurer on Sept 2, 2022.
             Slain by a hornet (5 damage)
             ... while paralysed by a hornet
             ... on level 4 of the Dungeon.
             The game lasted 00:18:16 (3972 turns).

mortz the Conjurer (Demigod Conjurer)               Turns: 3972, Time: 00:18:16

Health: -4/33      AC:  5    Str:  8    XL:     4   Next: 23%
Magic:  5/10       EV:  2    Int: 24    God:
Gold:   204        SH:  0    Dex: 12    Spells: 4/7 levels left

rFire   + . .      SeeInvis .   s - +2 dagger (venom) {short}
rCold   . . .      Faith    .   (no shield)
rNeg    . . .      Spirit   .   c - +0 leather armour
rPois   .          Reflect  .   y - +0 helmet
rElec   .          Harm     .   k - +0 cloak
rCorr   .          Rampage  .   (no gloves)
Will    .....                   (no boots)
Stlth   ++........              (no amulet)
HPRegen 0.11/turn               I - ring of protection from fire
MPRegen 0.12/turn               (no ring)

@: paralysed, lethally poisoned (-4 -> -11)
A: high MP 1, forlorn, divine attributes
a: no special abilities


You were on level 4 of the Dungeon.
You visited 1 branch of the dungeon, and saw 4 of its levels.

You collected 204 gold pieces.


Innate Abilities, Weirdness & Mutations

You have an increased reservoir of magic. (+10% MP)
You shall have no god before yourself.
Your divine heritage dramatically boosts your attributes as you level up.


   Skills:
 + Level 0.3 Fighting
 + Level 2.1 Dodging
 + Level 2.4 Stealth
 * Level 2.2 Spellcasting
 * Level 4.6 Conjurations
 * Level 0.1 Translocations


You had 4 spell levels left.
You knew the following spells:

 Your Spells              Type           Power      Damage    Failure   Level
a - Magic Dart            Conj           100%       1d8       2%          1
b - Searing Ray           Conj           50%        2d6       3%          2

Your spell library contained the following spells:

 Spells                   Type           Power      Damage    Failure   Level
 Static Discharge         Conj/Air       13%        3-5/arc   10%         2
 Dazzling Flash           Conj/Hex       26%        N/A       21%         3
 Inner Flame              Hex/Fire       2%         N/A       45%         3
 Fulminant Prism          Conj/Hex       6%         3d7       54%         4
 Iskenderun's Mystic Bla  Conj/Tloc      14%        2d5       54%         4
 Sticky Flame             Conj/Fire      13%        2d4       54%         4
 Cause Fear               Hex            1%         N/A       86%         4
 Dispel Undead            Necr           2%         3d7       86%         4
 Olgreb's Toxic Radiance  Pois           2%         N/A       86%         4
 Ozocubu's Refrigeration  Ice            1%         4d7       100%        7
 Discord                  Hex            1%         N/A       100%        8
 Ignition                 Fire           1%         3d3       100%        8

Inventory:

Hand Weapons
 e - a +0 dagger {short}
   (You took it off a kobold on level 1 of the Dungeon)
 l - a +0 short sword {short}
   (You took it off a kobold on level 1 of the Dungeon)
 m - a +0 short sword {short}
   (You took it off a kobold on level 1 of the Dungeon)
 r - a +0 dagger {short}
   (You took it off a goblin on level 2 of the Dungeon)
 s - a +2 dagger of venom (weapon) {short}
   (You took it off a kobold on level 2 of the Dungeon)
 u - a +0 hand axe {axe}
   (You took it off an orc on level 3 of the Dungeon)
 B - the +4 flail of the Orcish Mines {vorpal, rC+++ Str-4 SInv, mace}
   (You found it on level 3 of the Dungeon)

   It inflicts extra damage upon your enemies.
   Str:       It affects your strength (-4).
   rC:        It renders you almost immune to cold.
   SInv:      It lets you see invisible.
 E - a +4 spear {polearm}
   (You found it on level 3 of the Dungeon)
 K - a +0 dagger of flaming {short}
   (You took it off a goblin on level 3 of the Dungeon)
Armour
 a - a +0 scale mail
   (You found it on level 4 of the Dungeon)
 c - a +0 leather armour (worn)
   (You found it on level 1 of the Dungeon)
 k - a +0 cloak (worn)
   (You found it on level 3 of the Dungeon)
 q - a +0 ring mail
   (You found it on level 2 of the Dungeon)
 y - a +0 helmet (worn)
   (You found it on level 2 of the Dungeon)
 C - a +0 chain mail
   (You found it on level 3 of the Dungeon)
Magical Staves
 t - a staff of fire {!astaff}
   (You found it on level 2 of the Dungeon)
Jewellery
 I - a ring of protection from fire (left hand)
   (You took it off a goblin on level 3 of the Dungeon)
Wands
 f - a wand of flame (5)
   (You found it on level 4 of the Dungeon)
Scrolls
 n - a scroll of amnesia
 p - a scroll of silence {unknown}
 v - a scroll of vulnerability {unknown}
 w - a scroll of immolation {unknown}
 D - a scroll of teleportation {unknown}
Potions
 b - a potion of magic
 d - 2 potions of flight
 g - a potion of heal wounds {@q2}
 h - 3 potions of lignification {!q}
 j - 3 potions of attraction {!q}
 o - a potion of degeneration {unknown}
 x - a potion of curing {unknown}
 z - a potion of resistance {unknown}
 A - a potion of mutation {unknown}

Dungeon Overview and Level Annotations

Branches:
Dungeon (4/15) Zot: 20024
 Temple: D:4-7

#............#####
#.##########.# #.#
#.# #.# #####.#
#.# #.....# #.#
####### #.# #.#
#@# #y# #.# #.#
#....y..#
#.......# .#
#.......#######.#
#.......#.....#.#
#.#######.....#.#


You could see a hornet.


Message History

Casting: Searing Ray (safe; 3% risk of failure)
Confirm with . or Enter, or press ? or * to list all spells.
Aiming: Searing Ray (safe; 3% risk of failure)
Press: ? - help, Shift-Dir - straight line, f - endoplasm
Aim: an endoplasm (98% to hit)
The searing ray hits the endoplasm!
You kill the endoplasm! (Press . to maintain the ray.) 😎 MP[-2]
You lost 2 mp, and now have 8/10 mp.
Done exploring. 😎 MP[+2]
Your mp is fully restored (10).
As you read the scroll of identify {@r1}, it crumbles to dust.
j - 3 potions of attraction
Okay, then.
You drop 6 stones {throwing}.
You drop a +0 robe. x2
You drop a +0 leather armour.
You drop a +0 ring mail. x2
I - a ring of protection from fire (left hand)
There is a stone staircase leading down here.
You climb downwards.
There is a stone staircase leading up here.
The helpless endoplasm fails to defend itself.
You puncture the endoplasm!
You kill the endoplasm!
You now have 157 gold pieces (gained 14).
a - a +0 scale mail
Found an ancient bone altar of Kikubaaqudgha.
You open the door.
There is an open door here.
Found a stone staircase leading up.
You now have 168 gold pieces (gained 11).
h - 3 potions of lignification {!q} (gained 1)
There is a stone staircase leading up here.
f - a wand of flame (5)
You now have 180 gold pieces (gained 12).
You now have 194 gold pieces (gained 14).
Found a stone staircase leading down.
Found a stone staircase leading down.
There is a stone staircase leading down here.
An adder comes into view.
The helpless adder fails to defend itself.
You puncture the adder!
The adder is poisoned.
The adder bites you but does no damage. x2
Casting: Searing Ray (safe; 3% risk of failure)
Confirm with . or Enter, or press ? or * to list all spells.
Aiming: Searing Ray (safe; 3% risk of failure)
Press: ? - help, Shift-Dir - straight line, f - adder
Aim: an adder (severely wounded, very poisoned, 66% to hit)
The searing ray misses the adder. (Press . to maintain the ray.)
The adder bites you but does no damage. 😎 MP[-2]
You lost 2 mp, and now have 8/10 mp.
The searing ray hits the adder!
You kill the adder! 😎 MP[-1]
You lost 1 mp, and now have 7/10 mp.
You now have 200 gold pieces (gained 6).
You now have 204 gold pieces (gained 4).
You see here an adder corpse.
A hornet comes into view.
The hornet buzzes angrily. 😎 MP[+3]
Your mp is fully restored (10).
Casting: Searing Ray (safe; 3% risk of failure)
Confirm with . or Enter, or press ? or * to list all spells.
Aiming: Searing Ray (safe; 3% risk of failure)
Press: ? - help, Shift-Dir - straight line, f - hornet
Aim: a hornet (69% to hit)
The searing ray hits the hornet. (Press . to maintain the ray.) 😎 MP[-2]
You lost 2 mp, and now have 8/10 mp.
The searing ray hits the hornet but does no damage.
The hornet barely misses you. 😎 MP[-1]
You lost 1 mp, and now have 7/10 mp.
The searing ray hits the hornet.
The hornet barely misses you. The hornet stings you!
You feel yourself slow down. 😮 HP[-12] MP[-1]
You take 12 damage, and now have 21/33 hp.
MASSIVE DAMAGE!! (PAUSE)
You lost 1 mp, and now have 6/10 mp.
The searing ray hits the hornet.
You finish channelling your searing ray.
The hornet stings you!
* * * LOW HITPOINT WARNING * * *
You suddenly lose the ability to move!
The hornet stings you!
* * * LOW HITPOINT WARNING * * *
You are lethally poisoned!
You shrug off the repeated paralysis!
You feel yourself speed up.
* * * LOW HITPOINT WARNING * * *
You feel very sick. The hornet stings you.
You die...

Skill      XL: |  1  2  3 |
---------------+----------+-----
Conjurations   | 4 |  4.6
Spellcasting   | 2 |  2.2
Dodging        | 2 |  2.1
Stealth        | 2 |  2.4
Fighting       | |  0.3
Translocations | |  0.1

Action                   |  1- 3 |  4- 6 || total
-------------------------+-------+-------++-------
Melee: Dagger            |    17 |     2 ||    19
 Cast: Magic Dart        |    31 |       ||    31
       Searing Ray       |    28 |     9 ||    37
  Use: Scroll            |     7 |     1 ||     8
 Stab: Sleeping          |     7 |     2 ||     9
Armor: Robe              |     6 |       ||     6
       Leather armour    |       |     6 ||     6
Dodge: Dodged            |    24 |     9 ||    33

Levels and vault maps discovered:
D:1:      lightli_arrival_boilingwater, layout_rooms
D:2:      layout_loops_corners, hex_medium, st_stairs_9,
          amcnicky_mini_corridor_feature
D:3:      layout_basic, kennysheep_generic_room_9
D:4:      layout_basic, mainiacjoe_overflow_alcove_1, grunt_ministairs_3,
          minmay_cupped

Notes
Turn   | Place    | Note
-------+----------+-------------------------------------------
     0 | D:1      | mortz the Demigod Conjurer began the quest for the Orb.
     0 | D:1      | Reached XP level 1. HP: 14/14 MP: 5/5
     0 | D:1      | magus.rc [v1.9.6]
   406 | D:1      | Reached skill level 4 in Conjurations
   406 | D:1      | Reached XP level 2. HP: 20/20 MP: 4/7
   409 | D:1      | Learned a level 2 spell: Searing Ray
   812 | D:1      | You pick up a book of Touch and begin reading...
   812 | D:1      | You add the spells Static Discharge, Sticky Flame and
                  | Dispel Undead to your library.
  1043 | D:2      | Reached skill level 2 in Spellcasting
  1174 | D:2      | You add the spells Olgreb's Toxic Radiance, Ozocubu's
                  | Refrigeration and Ignition to your library.
  1403 | D:2      | Reached XP level 3. HP: 23/26 MP: 1/8
  1476 | D:2      | Reached skill level 2 in Dodging
  1764 | D:2      | Noticed an ogre
  2219 | D:2      | Reached skill level 2 in Stealth
  2870 | D:3      | Identified the +4 flail of the Orcish Mines {vorpal, rC+++
                  | Str-4 SInv}
  2905 | D:3      | You pick up a book of Hexes and begin reading...
  2905 | D:3      | You add the spells Inner Flame, Cause Fear and Discord to
                  | your library.
  3171 | D:3      | Reached XP level 4. HP: 33/33 MP: 5/10
  3964 | D:4      | Noticed a hornet
  3971 | D:4      | Paralysed by a hornet for 2 turns
  3971 | D:4      | HP: 4/33 [hornet (7)]
  3972 | D:4      | HP: 1/33 [poisoned by a hornet]
  3972 | D:4      | Slain by a hornet

Vanquished Creatures
  3 adders
  A worm (D:3)
  2 dart slugs (D:2)
  4 orcs (D:3)
  3 ball pythons
  6 endoplasms
  2 giant cockroaches
  6 goblins
  6 hobgoblins
  3 jackals
  6 kobolds
  A quokka (D:3)
  4 bats
  4 frilled lizards
  9 rats
60 creatures vanquished.

Table legend:
 A = Non-vault XP
 B = Vault XP
 C = Vault XP percentage of total XP
 D = Non-vault monster count
 E = Vault monster count
 F = Vault count percentage of total count
                 A         B        C        D         E       F
            +---------+---------+-------+---------+---------+-------
      Total |     135 |       8 |   5.6 |      56 |       4 |   6.7
            +---------+---------+-------+---------+---------+-------
        D:1 |      31 |       0 |   0.0 |      21 |       0 |   0.0
        D:2 |      53 |       4 |   7.0 |      16 |       2 |  11.1
        D:3 |      36 |       4 |  10.0 |      17 |       2 |  10.5
        D:4 |      15 |       0 |   0.0 |       2 |       0 |   0.0
            +---------+---------+-------+---------+---------+-------

Illustrated notes

Table legend:
 A = Kills in this place as a percentage of kills in entire the game.
 B = Kills by you in this place as a percentage of kills by you in the entire game.
 C = Kills by friends in this place as a percentage of kills by friends in the entire game.
 D = Other kills in this place as a percentage of other kills in the entire game.
 E = Experience gained in this place as a percentage of experience gained in the entire game.
 F = Experience gained in this place divided by the number of levels of this place that you have seen.
                   A       B       C       D       E      F
               +-------+-------+-------+-------+-------+----------------------
         Total | 100.0 | 100.0 |   N/A |   N/A | 100.0 |  35.8
       Dungeon | 100.0 | 100.0 |   N/A |   N/A | 100.0 |  35.8
               +-------+-------+-------+-------+-------+----------------------

Table legend: (Time is in decaauts)
 A = Elapsed time spent in this place.
 B = Non-inter-level travel time spent in this place.
 C = Inter-level travel time spent in this place.
 D = Time resting spent in this place.
 E = Time spent auto-exploring this place.
 F = Levels seen in this place.
 G = Mean time per level.
                   A        B        C        D        E       F      G
               +--------+--------+--------+--------+--------+-----+--------+
         Total |   3974 |   3911 |     63 |    281 |   3011 |   4 |  993.5 |
       Dungeon |   3974 |   3911 |     63 |    281 |   3011 |   4 |  993.5 |
               +--------+--------+--------+--------+--------+-----+--------+

Top non-repeatable levels by time:
     D:2: 1468 daAuts
     D:1: 1173 daAuts
     D:3: 990 daAuts
     D:4: 342 daAuts
